 Dungeon Crawl Stone Soup version 0.21.1-1-g345015f (webtiles) character file.

3 Goblin1989 the Insei (level 1, 0/15 HPs)
             Began as a Demonspawn Transmuter on Mar 5, 2018.
             Slain by a rat (3 damage)
             ... on level 1 of the Dungeon.
             The game lasted 00:00:31 (38 turns).

Goblin1989 the Insei (Demonspawn Transmuter)          Turns: 38, Time: 00:00:32

Health: 0/15       AC:  2    Str: 10    XL:     1   Next: 41%
Magic:  2/3        EV: 12    Int: 14    God:
Gold:   0          SH:  0    Dex: 13    Spells: 3/4 levels left

rFire    . . .     SeeInvis .     - Unarmed
rCold    . . .     Gourm    .   (no shield)
rNeg     . . .     Faith    .   b - +0 robe
rPois    .         Spirit   .   (no helmet)
rElec    .         Reflect  .   (no cloak)
rCorr    .         Harm     .   (no gloves)
MR       .....                  (boots currently unavailable)
Stlth    +.........             (no amulet)
HPRegen  0.05/turn              (no ring)
MPRegen  0.08/turn              (no ring)

@: appendage
A: talons 3
a: End Transformation


You were on level 1 of the Dungeon.
You were not hungry.
You had grown temporary talons.
You visited 1 branch of the dungeon, and saw 1 of its levels.

Inventory:

Missiles
 a - 12 arrows
Armour
 b - a +0 robe (worn)
Books
 c - a book of Changes

   Spells                             Type                      Level
   a - Beastly Appendage              Transmutation                1
   b - Sticks to Snakes               Transmutation                2
   c - Spider Form                    Transmutation/Poison         3
   d - Ice Form                       Ice/Transmutation            4
   e - Blade Hands                    Transmutation                5
Comestibles
 e - a ration


   Skills:
 + Level 1.0 Fighting
 + Level 1.8 Dodging
 * Level 2.8 Unarmed Combat
 + Level 2.0 Spellcasting
 + Level 1.8 Transmutations


You had 3 spell levels left.
You knew the following spells:

 Your Spells              Type           Power        Failure   Level  Hunger
a - Beastly Appendage     Tmut           #.....       11%         1    ##.....


Dungeon Overview and Level Annotations

Branches:
Dungeon (1/15)

Altars:


Innate Abilities, Weirdness & Mutations

You have claws for feet.


Message History

You are too injured to fight recklessly!
You are too injured to fight recklessly!
You are too injured to fight recklessly!
You are too injured to fight recklessly!
You closely miss the giant cockroach. The bat barely misses you.
The giant cockroach barely misses you.
You hit the giant cockroach but do no damage.
The bat barely misses you. The giant cockroach barely misses you.
You hit the giant cockroach.
The giant cockroach is lightly wounded.
The bat closely misses you. The giant cockroach misses you.
The giant cockroach barely misses you.
Casting: Beastly Appendage
Confirm with . or Enter, or press ? or * to list all spells.
You grow a pair of large bovine horns.
The bat completely misses you. The bat hits you but does no damage.
The giant cockroach misses you.
You now have 2/3 mp.
Unknown command.
You hit the giant cockroach.
Your headbutt misses the giant cockroach.
The giant cockroach is lightly wounded.
The bat completely misses you.
The giant cockroach bites you but does no damage.
You hit the giant cockroach but do no damage.
The giant cockroach is lightly wounded.
Your transformation is almost over.
The bat barely misses you. The giant cockroach closely misses you.
You hit the giant cockroach but do no damage.
The giant cockroach is lightly wounded.
The bat barely misses you. The giant cockroach barely misses you.
You closely miss the giant cockroach.
Your headbutt misses the giant cockroach.
The giant cockroach is lightly wounded.
The bat closely misses you.
The giant cockroach bites you but does no damage.
You hit the giant cockroach.
Your headbutt misses the giant cockroach.
The giant cockroach is moderately wounded.
The bat closely misses you. The giant cockroach barely misses you.
You hit the giant cockroach.
You kill the giant cockroach!
The bat hits you but does no damage. The bat hits you but does no damage.
The bat hits you.
You see here a giant cockroach corpse.
A bat comes into view.
The bat misses you. The bat closely misses you.
A rat comes into view.
The bat hits you.
You take 1 damage, and have 8/15 hp.
The bat closely misses you.
You hit the bat but do no damage. Your headbutt misses the bat.
Your horns disappear.
The bat hits you but does no damage.
MP restored: 3 You closely miss the bat.
The bat hits you. x2
* * * LOW HITPOINT WARNING * * *
The bat misses you.
You take 2 damage, and have 6/15 hp.
You hit the bat.
The bat is moderately wounded.
The bat hits you but does no damage.
You hit the bat.
The bat is heavily wounded.
The bat barely misses you. x2
Unknown command.
A rat comes into view.
The bat closely misses you.
Found a stone staircase leading down.
The bat closely misses you. The bat hits you but does no damage.
A rat and a goblin come into view.
The bat hits you.
* * * LOW HITPOINT WARNING * * *
You take 1 damage, and have 5/15 hp.
You hit the bat.
The bat is severely wounded.
The bat barely misses you. The bat closely misses you.
The bat hits you but does no damage. The bat hits you.
* * * LOW HITPOINT WARNING * * *
You take 1 damage, and have 4/15 hp.
You hit the bat but do no damage.
The bat is severely wounded.
The bat closely misses you. The bat hits you.
* * * LOW HITPOINT WARNING * * *
You take 1 damage, and have 3/15 hp.
Unknown command.
You aren't carrying any potions.
Unknown command.
You hit the bat.
You kill the bat!
The bat hits you but does no damage. The bat barely misses you.
You closely miss the bat. The bat hits you but does no damage.
You hit the bat.
You kill the bat!
Unknown command.
Casting: Beastly Appendage
Confirm with . or Enter, or press ? or * to list all spells.
Your feet morph into talons.
The rat bites you.
You die... █ ████████████

.█ .█ §≈≈≈≈≈≈≈≈§≈█
███.█. ██.█
≈.....≈≈≈§≈██...........
..≈≈≈....§≈█............
≈≈≈.§≈≈...≈█............
≈..<.≈≈≈..†..█ ███(..█..
≈≈≈.≈≈≈...≈█.█ █........
..≈≈≈....≈≈█.█ █@█
≈.....≈≈≈≈≈█.███r█
≈≈≈≈≈≈≈≈§§≈█.r.rr█


████████████r███g█ .... .... ....?. █.█... █.......█....... █.......█.. ..g.
█>..?....... .█. You could see a goblin and 3 rats.

Vanquished Creatures
  2 bats (D:1)
  A giant cockroach (D:1)
3 creatures vanquished.

Notes
Turn   | Place    | Note
-------+----------+-------------------------------------------
     0 | D:1      | Goblin1989 the Demonspawn Transmuter began the quest for the Orb.
     0 | D:1      | Reached XP level 1. HP: 15/15 MP: 3/3
    38 | D:1      | Slain by a rat

Action                   || total
-------------------------++-------
Melee: Unarmed           ||    21
 Cast: Beastly Appendage ||     2
Armor: Robe              ||    11
Dodge: Dodged            ||    29

Vault maps used:
D:1:      dpeg_arrival_shrine
